 Dungeon Crawl Stone Soup version 0.31-a0-193-gdfe2569204 (webtiles) character file.

Game seed: 10318136021793157552

26 qw the Shooter (level 2, -2/16 HPs)
             Began as a Deep Elf Hunter on June 24, 2023.
             Succumbed to Robin's poison
             ... on level 1 of the Dungeon.
             The game lasted 00:00:16 (660 turns).

qw the Shooter (Deep Elf Hunter)                     Turns: 660, Time: 00:00:16

Health: -2/16      AC:  3    Str:  8    XL:     2   Next: 89%
Magic:  4/4        EV: 12    Int: 13    God:
Gold:   83         SH:  5    Dex: 18    Spells: 1/1 levels left

rFire   . . .        Y - +0 shortbow
rCold   . . .        (shield currently unavailable)
rNeg    . . .        c - +0 leather armour
rPois   .            (no helmet)
rElec   .            (no cloak)
rCorr   .            (no gloves)
SInv    .            (no boots)
Will    .....        e - amulet of reflection
Stlth   ++           (no ring)
HPRegen 0.22/turn    (no ring)
MPRegen 0.09/turn

%: reflection
@: lethally poisoned (-2 -> -13)
A: no striking features
a: no special abilities


You were on level 1 of the Dungeon.
You visited 1 branch of the dungeon, and saw 2 of its levels.

You collected 83 gold pieces.


   Skills:
 - Level 1.5 Fighting
 + Level 6.6 Ranged Weapons
 - Level 2.4 Dodging
 - Level 1.2 Stealth


You had one spell level left.
You didn't know any spells.
Your spell library was empty.

Inventory:

Hand Weapons
 Y - a +0 shortbow (weapon)
Armour
 c - a +0 leather armour (worn)
Jewellery
 e - an amulet of reflection (around neck)
Potions
 a - a potion of lignification {unknown}
 h - a potion of mutation {unknown}

Dungeon Overview and Level Annotations

Branches:
Dungeon (2/15)

Altars:

Annotations:
D:2 Robin


Message History

You kill the goblin!
You see here 4 javelins.
You see here a +0 whip.
There is an open gate here.
Done exploring.
Enter note:
Enter note:
Enter note: Done exploring.
(D) Dungeon
Where to? (* - list waypoints, Enter - D:1, ? - help)
What level of the Dungeon? (default 1, ? - help)
There is an open gate here.
There is a stone staircase leading down here.
You climb downwards.
The goblin shouts! x2; The hobgoblin shouts!
The goblin shouts! x3
Robin shouts!
The hobgoblin shouts!
The goblin shouts!
You hear a shout!
Found 8 stones, 18 gold pieces and a puce potion.
There is a stone staircase leading up here.
There are monsters nearby!
You shoot an arrow. The goblin shouts!
The arrow hits the goblin.
The goblin is severely wounded.
A giant cockroach comes into view.
Robin roars a battlecry!
The goblins go into a battle-frenzy!
The goblin hits you with a +0 dagger. The goblin closely misses you.
You block the goblin's attack. The goblin hits you but does no damage.
The hobgoblin hits you.
659 ||| STAIRDANCE Robin hits you but does no damage.
You are lethally poisoned!
You block the goblin's attack. The goblin hits you with a +0 club.
The goblin hits you but does no damage.
The hobgoblin hits you but does no damage.
You block the goblin's attack. The goblin hits you with a +0 dagger.
The goblin closely misses you.
You climb upwards.
You die...

#........##.....
#........##..... ######
#.........%..... #....#
#........##..... #....#
#........##..... #....#
########.##.....
#....#############.##.....
##.......ggg........#......
#.....##.g@g.########......
#.....####gg.## #......
#....## #....########.....
#....#####.#...............
#..........).############.#


777 ##########.########## #.# 77.# #######.####.....# #.# ...#
#................# #.# ...# #................#####.# You could see a hobgoblin
(strong) and 6 goblins.

Vanquished Creatures
  2 dart slugs (D:1)
  A ball python (D:1)
  2 bats (D:1)
  3 endoplasms (D:1)
  A goblin (D:1)
  3 hobgoblins (D:1)
  A kobold (D:1)
  2 quokkas (D:1)
  A frilled lizard (D:1)
  3 rats (D:1)
19 creatures vanquished.

Notes
Turn   | Place    | Note
-------+----------+-------------------------------------------
     0 | D:1      | qw the Deep Elf Hunter began the quest for the Orb.
     0 | D:1      | Reached XP level 1. HP: 12/12 MP: 3/3
     0 | D:1      | 0 ||| qw: Version: 0.3-a-9-g12657ce
     0 | D:1      | 0 ||| qw: Game counter: 4723
     0 | D:1      | 0 ||| qw: Always use a shield: true
     0 | D:1      | 0 ||| qw: God list: Okawaru
     0 | D:1      | 0 ||| qw: Allow faded altars: false
     0 | D:1      | 0 ||| qw: Do Orc after D:15 true
     0 | D:1      | 0 ||| qw: Do second Lair branch before Depths: true
     0 | D:1      | 0 ||| qw: Lair rune preference: random
     0 | D:1      | 0 ||| qw: Plans: Normal
     0 | D:1      | 0 ||| PLANNING D:1-11
   109 | D:1      | Reached skill level 6 in Ranged Weapons
   109 | D:1      | Reached XP level 2. HP: 16/16 MP: 4/4
   343 | D:1      | You fall into a shaft and drop 1 floor!
   360 | D:2      | 360 ||| UPGRADING to amulet of reflection.
   365 | D:2      | 365 ||| DROPPING ring of wizardry.
   366 | D:2      | 366 ||| READING scroll labelled KIMIZUFACAO.
   367 | D:2      | 367 ||| READING scroll labelled DABEON QOKLEPN.
   368 | D:2      | 368 ||| DROPPING scroll of butterflies.
   657 | D:2      | Noticed Robin
   659 | D:2      | 659 ||| STAIRDANCE
   659 | D:2      | HP: 2/16 [goblin/+0 dagger[Robin] (4)]
   660 | D:1      | Succumbed to Robin's poison

Levels and vault maps discovered:
D:1:      kennysheep_arrival_forest, layout_basic
D:2:      minmay_diamond_boxcup, layout_loops_ring, uniq_robin

Skill      XL: |  1 |
---------------+----+-----
Ranged Weapons | 6 |  6.6
Fighting       | |  1.5
Dodging        | |  2.4
Stealth        | |  1.2

Action                     || total
---------------------------++-------
   Fire: Shortbow          ||    65
    Use: Scroll            ||     2
 Armour: Leather armour    ||    10
  Dodge: Dodged            ||    19
  Block: Other             ||     5

Table legend:
 A = Non-vault XP
 B = Vault XP
 C = Vault XP percentage of total XP
 D = Non-vault monster count
 E = Vault monster count
 F = Vault count percentage of total count
                 A         B        C        D         E       F
            +---------+---------+-------+---------+---------+-------
      Total |      38 |       0 |   0.0 |      19 |       0 |   0.0
            +---------+---------+-------+---------+---------+-------
        D:1 |      38 |       0 |   0.0 |      19 |       0 |   0.0
            +---------+---------+-------+---------+---------+-------
